 Dungeon Crawl Stone Soup version 0.31-a0-204-g7da18cac08 (webtiles) character file.

Game seed: 11968586918238908928

231 Hubris850 the Insei (level 6, -3/38 HPs)
             Began as an Octopode Transmuter on June 27, 2023.
             Killed from afar by an orc wizard (8 damage)
             ... with a magic dart
             ... on level 3 of the Dungeon.
             The game lasted 00:06:02 (2287 turns).

Hubris850 the Insei (Octopode Transmuter)           Turns: 2287, Time: 00:06:02

Health: -3/38      AC:  1    Str:  9    XL:     6   Next: 4%
Magic:  10/10      EV: 13    Int: 18    God:
Gold:   67         SH:  0    Dex: 12    Spells: 6/10 levels left

rFire   . .          .
                       - Unarmed
rCold   . . .        (no shield)
rNeg    . . .        (helmet restricted)
rPois   .            (no amulet)
rElec   .            (no ring)
rCorr   .            (no ring)
SInv    .            (no ring)
Will    .....        (no ring)
Stlth   ++           (no ring)
HPRegen 0.26/turn    (no ring)
MPRegen 0.12/turn    (no ring)
                     (no ring)

%: no passive effects
@: no status effects
A: almost no armour, amphibious, 8 rings, camouflage 1, gelatinous body 1,
(nimble swimmer 1), tentacles
a: no special abilities


You were on level 3 of the Dungeon.
You visited 1 branch of the dungeon, and saw 3 of its levels.

You collected 67 gold pieces.

Inventory:

Missiles
 f - 6 poisoned darts
Armour
 o - a +2 kite shield
Scrolls
 b - a scroll of teleportation {unknown}
 h - a scroll of identify {unknown}
 k - 2 scrolls of enchant weapon {unknown}
 n - a scroll of revelation {unknown}
 p - a scroll of vulnerability {unknown}
Potions
 a - a potion of lignification
 c - 2 potions of magic {unknown}
 d - 2 potions of curing {unknown}
 e - 2 potions of degeneration {unknown}
 g - a potion of brilliance {unknown}
 i - a potion of enlightenment {unknown}
 j - a potion of berserk rage {unknown}
 l - a potion of heal wounds
 m - a potion of mutation {unknown}


   Skills:
 - Level 1.0 Fighting
 - Level 2.0 Dodging
 + Level 0.4 Shields
 - Level 5.0 Unarmed Combat
 + Level 2.9 Spellcasting
 + Level 3.0 Transmutations
 + Level 2.3 Poison Magic


You had 6 spell levels left.
You knew the following spells:

 Your Spells              Type           Power      Damage    Failure   Level
a - Beastly Appendage     Tmut           26%        N/A       4%          1
b - Spider Form           Tmut/Pois      12%        N/A       16%         3

Your spell library contained the following spells:

 Spells                   Type           Power      Damage    Failure   Level
 Wereblood                Tmut           13%        N/A       7%          2
 Ice Form                 Ice/Tmut       8%         N/A       65%         4


Dungeon Overview and Level Annotations

Branches:
Dungeon (3/15)

Altars:


Innate Abilities, Weirdness & Mutations

You cannot wear most types of armour.
You are amphibious.
You can wear up to eight rings at the same time.
Your skin changes colour to match your surroundings (Stealth+).
Your rubbery body absorbs attacks. (AC +1, EV +1)
((You are camouflaged when in or above water. (Stealth+)))
You have tentacles for arms and can constrict up to eight enemies at once.


Message History

You closely miss the orc wizard. You grab the orc wizard.
You constrict the orc wizard, but do no damage.
The orc wizard hits you with a +0 dagger.
You completely miss the orc wizard. You constrict the orc wizard.
The orc wizard barely misses you.
You tentacle-slap the orc wizard. You squeeze the orc wizard!
The orc wizard is almost dead.
You constrict the orc wizard.
The orc wizard hits you with a +0 dagger.
You tentacle-slap the orc wizard but do no damage.
You squeeze the orc wizard.
You kill the orc wizard!
A magic dart appears from out of thin air!
The magic dart hits you. The orc completely misses you.
Your Transmutations skill increases to level 3!
You have reached level 6!
You bludgeon the orc!
You kill the orc!
The orc barely misses you.
You tentacle-slap the orc. Your grab misses the orc. You squeeze the orc.
You kill the orc!
You tentacle-slap something but do no damage.
Your tentacle-slap misses something.
Something hits you.
You miss something. Something hits you.
You miss something. The orc hits you with a +0 whip.
You hear some strange, mumbled words.
Something tries to affect you, but you resist.
You closely miss something.
You tentacle-slap the orc but do no damage.
Your grab misses the orc.
You hear some strange, mumbled words.
A magic dart appears from out of thin air!
The magic dart hits you!
* * * LOW HITPOINT WARNING * * *
The orc misses you.
You tentacle-slap something. Your squeeze misses something.
You hear some strange, mumbled words.
A magic dart appears from out of thin air!
The magic dart hits you!
You die...

####......#.....#
.....#####.##...#
####.# # ##...#
#.# #....# #.#
#.#..# #.#
#.#..### #.#
..#....# #.#
#######o##.###
#.. #..@{..$..#
#>.##.#.#.# #..
..... .... .#.#.#
..... o..!.#
..##.#< .. #.# #
#.#. ### .# #...


You could see an orc.

Vanquished Creatures
  Natasha (thrice) (D:2)
  An orc wizard (D:3)
  Terence (D:2)
  Robin (D:2)
  3 adders (D:2)
  2 orcs (D:3)
  4 endoplasms
  17 goblins
  11 hobgoblins
  2 kobolds (D:1)
  4 quokkas
  4 ball pythons
  5 bats (D:1)
  6 frilled lizards
  7 rats
71 creatures vanquished.

Notes
Turn   | Place    | Note
-------+----------+-------------------------------------------
     0 | D:1      | Hubris850 the Octopode Transmuter began the quest for the
                  | Orb.
     0 | D:1      | Reached XP level 1. HP: 13/13 MP: 3/3
   109 | D:1      | Reached XP level 2. HP: 14/18 MP: 5/5
   353 | D:1      | Reached skill level 4 in Unarmed Combat
   446 | D:1      | Reached XP level 3. HP: 16/23 MP: 6/6
   878 | D:2      | Noticed Terence
   888 | D:2      | Killed Terence
   913 | D:2      | Reached XP level 4. HP: 25/28 MP: 7/7
  1028 | D:2      | Reached skill level 5 in Unarmed Combat
  1262 | D:2      | Learned a level 3 spell: Spider Form
  1313 | D:2      | Noticed Robin
  1364 | D:2      | Noticed Natasha
  1703 | D:2      | Killed Natasha
  1704 | D:2      | Reached skill level 1 in Poison Magic
  1704 | D:2      | Reached XP level 5. HP: 30/33 MP: 4/8
  1709 | D:2      | Killed Robin
  1749 | D:2      | Noticed Natasha
  1760 | D:2      | Killed Natasha
  1879 | D:2      | Noticed Natasha
  1888 | D:2      | Killed Natasha
  2221 | D:3      | Identified the +0 helmet of Ifani {Harm *Corrode rPois
                  | Str+3 Int-2}
  2280 | D:3      | Reached XP level 6. HP: 20/38 MP: 10/10
  2287 | D:3      | Killed from afar by an orc wizard

Illustrated notes

Levels and vault maps discovered:
D:1:      amcnicky_arrival_flooded_fountain, layout_basic, minmay_pentomino_z4
D:2:      layout_basic, kennysheep_minor_cross, kennysheep_cross_room,
          supply_closet_lemuel, uniq_terence, uniq_robin, uniq_natasha
D:3:      layout_loops_ring, shapermc_ecumenical_altar_mp_ritualfount

Skill      XL: |  1  2  3  4  5 |
---------------+----------------+-----
Unarmed Combat | 4 5 |  5.0
Poison Magic   | 1 2 |  2.3
Transmutations | 3 |  3.0
Fighting       | |  1.0
Dodging        | |  2.0
Shields        | |  0.4
Spellcasting   | |  2.9

Action                     |  1- 3 |  4- 6 || total
---------------------------+-------+-------++-------
  Melee: Unarmed           |    73 |    92 ||   165
         Constrict         |    18 |    19 ||    37
         Tentacles         |    14 |    14 ||    28
         Punch             |     1 |     4 ||     5
         Kick              |       |     4 ||     4
   Cast: Spider Form       |       |     1 ||     1
         Beastly Appendage |       |     2 ||     2
   Stab: Sleeping          |     6 |     2 ||     8
 Armour: Skin              |     6 |     4 ||    10
  Dodge: Dodged            |    51 |    64 ||   115

Table legend: (Time is in decaauts)
 A = Elapsed time spent in this place.
 B = Non-inter-level travel time spent in this place.
 C = Inter-level travel time spent in this place.
 D = Time resting spent in this place.
 E = Time spent auto-exploring this place.
 F = Levels seen in this place.
 G = Mean time per level.
                   A        B        C        D        E       F      G
               +--------+--------+--------+--------+--------+-----+--------+
         Total |   2276 |   2236 |     40 |    432 |   1405 |   3 |  758.7 |
       Dungeon |   2276 |   2236 |     40 |    432 |   1405 |   3 |  758.7 |
               +--------+--------+--------+--------+--------+-----+--------+

Top non-repeatable levels by time:
     D:1: 1239 daAuts
     D:2: 968 daAuts
     D:3: 68 daAuts
